 Dungeon Crawl Stone Soup version 0.31-a0-765-g67fe2935dc (webtiles) character file.

Game seed: 17983194180053615965

286 randomguy2701 the Conjurer (level 6, -3/48 HPs)
             Began as an Octopode Conjurer on Sept 15, 2023.
             Slain by a scorpion (4 damage)
             ... on level 5 of the Dungeon.
             The game lasted 00:04:39 (4273 turns).

randomguy2701 the Conjurer (Octopode Conjurer)      Turns: 4273, Time: 00:04:40

Health: -3/48      AC: 23    Str:  6    XL:     6   Next: 30%
Magic:  0/9        EV:  2    Int: 23    God:
Gold:   257        SH:  0    Dex: 10    Spells: 8/11 levels left

rFire   . . .        j - staff of conjuration
rCold   . . .        (no shield)
rNeg    . . .        (helmet currently unavailable)
rPois   +            (no amulet)
rElec   .            (no ring)
rCorr   .            (no ring)
SInv    .            (no ring)
Will    .....        (no ring)
Stlth   ++           (no ring)
HPRegen 0.28/turn    (no ring)
MPRegen 0.11/turn    (no ring)
                     (no ring)

%: no passive effects
@: lethally poisoned (-3 -> -13), tree-form
A: stationary, stasis, torment immunity, boosted hp, almost no armour,
(amphibious), 8 rings, (camouflage 1), (gelatinous body 1), (nimble swimmer 1),
(tentacles), frail 1, low MP 1
a: no special abilities


You were on level 5 of the Dungeon.
You were a tree.
You visited 1 branch of the dungeon, and saw 5 of its levels.

You collected 257 gold pieces.

Inventory:

Magical Staves
 j - a staff of conjuration (weapon)
Jewellery
 k - a +6 ring of dexterity
 o - a ring of resist corrosion
Wands
 h - a wand of iceblast (8)
 i - a wand of charming (12)
Scrolls
 b - 4 scrolls of teleportation {unknown}
 e - 5 scrolls of identify {unknown}
 f - a scroll of enchant weapon {unknown}
 n - a scroll of immolation {unknown}
Potions
 a - a potion of magic
 c - a potion of lignification
 d - a potion of mutation
 g - a potion of heal wounds {unknown}
 l - a potion of curing {unknown}
 m - a potion of might {unknown}


   Skills:
 + Level 0.2 Staves
 + Level 2.2 Dodging
 * Level 3.5 Stealth
 + Level 0.2 Unarmed Combat
 + Level 3.1 Spellcasting
 + Level 6.5 Conjurations


You had 8 spell levels left.
You knew the following spells:

 Your Spells              Type           Power      Damage    Failure   Level
a - Magic Dart            Conj           100%       1d8       1%          1
b - Searing Ray           Conj           100%       2d8       1%          2

Your spell library contained the following spells:

 Spells                   Type           Power      Damage    Failure   Level
 Dazzling Flash           Conj/Hex       54%        N/A       9%          3
 Summon Small Mammal      Summ           12%        N/A       12%         1
 Fulminant Prism          Conj/Hex       13%        3d9       30%         4
 Iskenderun's Mystic Bla  Conj/Tloc      27%        2d7       30%         4
 Call Canine Familiar     Summ           3%         N/A       34%         3
 Summon Guardian Golem    Hex/Summ       3%         N/A       34%         3


Dungeon Overview and Level Annotations

Branches:
Dungeon (5/15)
 Temple: D:4-7

Altars:
Elyvilon


Innate Abilities, Weirdness & Mutations

You are a tree.
Your roots penetrate the ground, keeping you stationary.
You cannot be teleported.
You are immune to unholy pain and torment.
Your maximum health is greatly increased.
You cannot wear most types of armour.
((You are amphibious.))
You can wear up to eight rings at the same time.
((Your skin changes colour to match your surroundings (Stealth+).))
((Your rubbery body absorbs attacks. (AC +1, EV +1)))
((You are camouflaged when in or above water. (Stealth+)))
((You have tentacles for arms and can constrict up to eight enemies at once.))
You are frail. (-10% HP)
Your magical capacity is low. (-10% MP)


Message History

The scorpion stings you.
You feel a surge of power!
The magic dart hits the scorpion.
The scorpion is heavily wounded.
You feel sick. The scorpion stings you.
You are too injured to fight recklessly!
You are too injured to fight recklessly!
Aiming: Magic Dart (safe; 1% risk of failure)
Press: ? - help, Q - select action, (/) - cycle Shift-Dir - straight line, f/p - scorpion
Aim: a scorpion (heavily wounded, 100% to hit)
You feel a surge of power!
The magic dart hits the scorpion.
The scorpion is heavily wounded.
You feel sick. The scorpion misses you.
Aiming: Magic Dart (safe; 1% risk of failure)
Press: ? - help, Q - select action, (/) - cycle Shift-Dir - straight line, f/p - scorpion
Aim: a scorpion (heavily wounded, 100% to hit)
You feel a surge of power!
The magic dart hits the scorpion.
The scorpion is almost dead.
You feel sick. The scorpion stings you.
You are lethally poisoned!
The scorpion poisons you! The scorpion stings you.
You are more poisoned.
The scorpion poisons you!
You barely miss the scorpion. You grab the scorpion.
You squeeze the scorpion, but do no damage.
The scorpion is almost dead.
You constrict the scorpion, but do no damage.
* * * LOW HITPOINT WARNING * * *
You feel very sick. The scorpion closely misses you.
It was a potion of lignification.
You turn into a tree.
Your roots penetrate the ground.
You lose your grip on the scorpion.
* * * LOW HITPOINT WARNING * * *
You feel very sick.
The scorpion stings you but does no damage.
It was a potion of mutation.
You feel extremely strange.
You feel less energetic.
You feel frail.
* * * LOW HITPOINT WARNING * * *
You feel very sick. The scorpion stings you.
You die...

..#.#.#..# #.# #.
....... #.# . #.
#.#..### #.# .. ##.
...... #.# #.#..
#...# #.#
#..?.#####...# #.#
#...†...##...####.#
###.##..##........#
.. #.s#.♣.#######
## #..#s### ##>..#
#.### #.# ###


You could see a scorpion.

Vanquished Creatures
  A hound (D:4)
  2 orc priests (D:3)
  An iguana (D:5)
  5 gnolls
  3 adders
  A white imp (D:4)
  A worm (D:3)
  3 dart slugs
  8 orcs
  10 ball pythons
  9 endoplasms
  2 giant cockroaches
  7 goblins
  4 hobgoblins
  5 jackals
  2 quokkas
  2 bats
  3 frilled lizards
  5 kobolds
  4 rats
78 creatures vanquished.

Notes
Turn   | Place    | Note
-------+----------+-------------------------------------------
     0 | D:1      | randomguy2701 the Octopode Conjurer began the quest for the
                  | Orb.
     0 | D:1      | Reached XP level 1. HP: 11/11 MP: 3/3
     7 | D:1      | Noticed a water moccasin
     7 | D:1      | Noticed an iguana
     8 | D:1      | Noticed a swamp drake
   226 | D:1      | Reached XP level 2. HP: 17/17 MP: 1/5
   511 | D:1      | Reached XP level 3. HP: 2/21 MP: 0/6
  1568 | D:2      | Reached skill level 5 in Conjurations
  1644 | D:2      | Reached XP level 4. HP: 27/27 MP: 3/7
  2626 | D:3      | Reached XP level 5. HP: 31/31 MP: 4/9
  2710 | D:3      | Learned a level 2 spell: Searing Ray
  2832 | D:3      | Reached skill level 6 in Conjurations
  2953 | D:3      | Found a white marble altar of Elyvilon.
  3640 | D:4      | Reached XP level 6. HP: 30/36 MP: 2/10
  4085 | D:4      | Identified the +8 quarterstaff "Cok Ymeef" {freeze, rN+
                  | Str+4}
  4174 | D:5      | Entered Level 5 of the Dungeon
  4273 | D:5      | Gained mutation: Your magical capacity is low. (-10% MP)
                  | [potion of mutation]
  4273 | D:5      | Gained mutation: You are frail. (-10% HP) [potion of
                  | mutation]
  4273 | D:5      | HP: 1/48 [poisoned by a scorpion]
  4273 | D:5      | Slain by a scorpion

Illustrated notes

Levels and vault maps discovered:
D:1:      onia_arrival_zoo_common, layout_basic, minmay_misc_feat_encased,
          patterned_corridor
D:2:      layout_basic, hangedman_decor_clover_reticule
D:3:      layout_rooms, elyvilon_altar_5, minmay_misc_feat_more_columns
D:4:      layout_loops_ring
D:5:      layout_basic, nicolae_uskayaw_suspiria, nicolae_tso_carved_into_rock,
          minmay_temple_entry_glassed_door, minmay_misc_feat_roman,
          uniq_sigmund, uniq_menkaure

Skill      XL: |  1  2  3  4  5 |
---------------+----------------+-----
Stealth        | 3 |  3.5
Conjurations   | 5 6 |  6.5
Spellcasting   | 3 |  3.1
Staves         | |  0.2
Dodging        | |  2.2
Unarmed Combat | |  0.2

Action                     |  1- 3 |  4- 6 || total
---------------------------+-------+-------++-------
  Melee: Unarmed           |    18 |       ||    18
         Tentacles         |     4 |     1 ||     5
         Constrict         |     4 |     1 ||     5
         Staff             |       |     3 ||     3
   Cast: Magic Dart        |    66 |   112 ||   178
    Use: Potion            |       |     2 ||     2
 Armour: Skin              |    10 |    17 ||    27
  Dodge: Dodged            |    18 |    19 ||    37

Table legend: (Time is in decaauts)
 A = Elapsed time spent in this place.
 B = Non-inter-level travel time spent in this place.
 C = Inter-level travel time spent in this place.
 D = Time resting spent in this place.
 E = Time spent auto-exploring this place.
 F = Levels seen in this place.
 G = Mean time per level.
                   A        B        C        D        E       F      G
               +--------+--------+--------+--------+--------+-----+--------+
         Total |   4271 |   4164 |    107 |      0 |   3758 |   5 |  854.2 |
       Dungeon |   4271 |   4164 |    107 |      0 |   3758 |   5 |  854.2 |
               +--------+--------+--------+--------+--------+-----+--------+

Top non-repeatable levels by time:
     D:2: 1275 daAuts
     D:1: 1126 daAuts
     D:3: 956 daAuts
     D:4: 814 daAuts
     D:5: 99 daAuts
